[Event "*** Titled Tuesday 3|2 Blitz"]
[Site "Chess.com"]
[Date "2015.11.03"]
[Round "4"]
[White "VovAn1991"]
[Black "MITerryble"]
[Result "1/2-1/2"]
[WhiteElo "2487"]
[BlackElo "2587"]
[TimeControl "180+2"]
[EndTime "11:49:28 PST"]
[Termination "Game drawn by agreement"]

1. e4 e6 2. d4 d5 3. Nd2 Be7 4. c3 c5 5. dxc5 Bxc5 6. exd5 exd5 7. Ngf3 Nf6 8. Bb5+ Bd7 9. Bxd7+ Qxd7 10. O-O O-O 11. Nb3 Bb6 12. Re1 Re8 13. Bg5 Ne4 14.
Be3 Bc7 15. Qd3 Nc6 16. Rad1 Rad8 17. Nbd4 Bb8 18. Nxc6 bxc6 19. c4 Qb7 20. b3 Bc7 21. cxd5 cxd5 22. Bd4 Ba5 23. Re2 Rc8 24. Rc2 Rxc2 25.
Qxc2 Rc8 26. Qd3 f6 27. g3 a6 28. a3 Bc3 29. b4 Qb5 30. Kg2 Qxd3 31. Rxd3 Bxd4 32.
Nxd4 Rc3 33. Rxc3 Nxc3 34. Kf3 Kf7 35. Ke3 g6 36. f3 Ke7 37. Kd3 Nb5 38. a4 Nc7 39. b5 axb5 40. Nxb5 Ne6 41. a5 Kd7 42. Kc3 h5 43. a6 Kc8 44. Kb4 Kb8 45. Ka5 g5 46.
Kb4 h4 47. gxh4 gxh4 48. Nc3 Ng5 49. f4 Nf3 50. Nxd5 Nxh2 51. Kb5 Ka7 52. Nxf6 Nf3 53. Ng4 h3 54. Ka5 h2 55. Nxh2 Nxh2 56. f5 1/2-1/2

[Event "*** Titled Tuesday 3|2 Blitz"]
[Site "Chess.com"]
[Date "2015.11.03"]
[Round "4"]
[White "yurisolo"]
[Black "Danirod"]
[Result "1-0"]
[WhiteElo "2489"]
[BlackElo "2419"]
[TimeControl "180+2"]
[EndTime "11:49:34 PST"]
[Termination "yurisolo won by resignation"]

1. e4 c5 2. d4 cxd4 3. Nf3 g6 4. Qxd4 Nf6 5. Nc3 Nc6 6. Qa4 d6 7. e5 dxe5 8. Nxe5 Qd4 9. Nxc6 Qxa4 10. Nxa4 bxc6 11.
b3 Bf5 12. c4 O-O-O 13. Be2 Bg7 14. Bb2 Bh6 15. Bc3 e5 16. O-O Rhe8 17. Rad1 Ne4 18. Ba5 Rxd1 19. Rxd1 Bf8 20. Bf3 Kb7 21. h4 Nc5 22. Nxc5+ Bxc5 23. g4 Bc8 24. Rd8 Rxd8 25. Bxd8 f5 26. g5 Be6 27. Be2 e4 28. Bf6 a5 29. Be5 Bb6 30. Kg2 Bc7 31. Bd4 f4 32.
Bd1 Bf5 33. Bc5 Bb6 34. Bd6 Bc7 35. Bc5 Bb6 36. Be7 e3 37. fxe3 Bxe3 38. Kf3 Bb1 39. a3 Bc1 40. Bd6 Kc8 41. a4 Kd7 42. Bxf4 Bxf4 43.
Kxf4 Kd6 44. Ke3 c5 45. Kf4 Bd3 46. Kg4 Ke5 47. h5 Kd4 48. h6 Kc3 49. Kf4 Bc2 50.
Bxc2 Kxc2 51. Ke5 Kxb3 52. Kf6 Kxa4 53. Kg7 Kb3 54. Kxh7 a4 55. Kxg6 a3 56. h7 Kxc4 57. h8=Q Kb3 58. Qa1 c4 59. Kf5 c3 60. Ke4 c2 61. Kd3 a2 62. g6 1-0

[Event "*** Titled Tuesday 3|2 Blitz"]
[Site "Chess.com"]
[Date "2015.11.03"]
[Round "4"]
[White "GregShahade"]
[Black "armago"]
[Result "1-0"]
[WhiteElo "2306"]
[BlackElo "2223"]
[TimeControl "180+2"]
[EndTime "11:49:40 PST"]
[Termination "GregShahade won on time"]

1. e4 c5 2. Nf3 Nc6 3. d4 cxd4 4. Nxd4 Nf6 5. Nc3 e5 6. Ndb5 d6 7. Bg5 a6 8. Na3 b5 9. Nd5 Be7 10. Bxf6 Bxf6 11. c4 b4 12. Nc2 O-O 13. Be2 Bg5 14. O-O a5 15. b3 Be6 16. Qd3 Nb8 17. a3 bxa3 18. Rxa3 Nd7 19. Rfa1 Nc5 20. Qf3 f5 21. exf5 Bxf5 22. Nce3 e4 23. Qg3 Bh4 24. Qf4 Bg6 25. Qg4 Bxf2+ 26. Kh1 Bxe3 27. Nxe3 Rb8 28. Rb1 Qf6 29.
Nd5 Qf2 30. h3 Bf5 31. Ne7+ Kh8 32. Nxf5 Qxf5 33. Qxf5 Rxf5 34. Rxa5 g6 35. b4 Rf2 36. Bg4 Nd3 37. b5 Rc2 38. b6 Nf2+ 39. Kh2 Nxg4+ 40.
hxg4 Rxc4 41. b7 Kg7 42. Ra8 Rxb7 43. Rxb7+ Kh6 44. Ra5 e3 45. g5+ Kh5 46. Rxh7+ Kg4 47. Re7 Rc3 48. Re4+ Kh5 49. g3 d5 50. Rxd5 1-0

[Event "*** Titled Tuesday 3|2 Blitz"]
[Site "Chess.com"]
[Date "2015.11.03"]
[Round "4"]
[White "Sadovsky_Artem"]
[Black "Izoria123"]
[Result "0-1"]
[WhiteElo "2453"]
[BlackElo "2418"]
[TimeControl "180+2"]
[EndTime "11:49:46 PST"]
[Termination "Izoria123 won by checkmate"]

1. e4 c6 2. Nf3 d5 3. Nc3 Bg4 4. exd5 cxd5 5. h3 Bxf3 6. Bb5+ Nc6 7. Qxf3 e6 8. O-O Nf6 9. d4 Rc8 10. Bf4 a6 11. Bxc6+ Rxc6 12. Rfe1 Be7 13. Be5 O-O 14.
Rac1 Nd7 15. Bg3 Bf6 16. Ne2 Qb6 17. Qb3 Bg5 18. Qxb6 Nxb6 19. Bf4 Bf6 20. c3 Rfc8 21. g4 g6 22. Kg2 Na4 23. Rc2 b5 24. a3 a5 25. Bd2 Bg7 26. Rec1 Kf8 27. b3 Nb6 28. c4 a4 29. bxa4 bxc4 30. a5 Nd7 31.
Bb4+ Ke8 32. Kf3 Ra6 33. Ke3 Nb8 34. Nc3 Nc6 35. Nb5 Kd7 36. Bc3 Nxa5 37. Rb1 Nb3 38.
f4 Rb8 39. a4 Rxa4 40. f5 exf5 41. gxf5 Rxb5 42. Kf4 Ra6 43. fxg6 hxg6 44. Re1 Rf6+ 45. Kg5 Rf5+ 46. Kg4 Rb6 47. Ra2 Bxd4 48. Ra7+ Kc6 49. Bxd4 Nxd4 50. Ree7 Nb5 51. Ra8 Kc5 52. Rc8+ Rc6 53. Rb8 c3 54. Reb7 Nd4 55. Rb1 c2 56.
Rc1 Kc4 57. Rb2 Kc3 58. Ra2 Kb3 59. Ra6 Rxa6 60. h4 Ne2 61. Re1 Ra4+ 62. Kh3 c1=Q 63. Rxc1 Nxc1 64. h5 gxh5 65. Kg2 Rg4+ 66. Kh3 Rfg5 67.
Kh2 Rh4# 0-1

[Event "*** Titled Tuesday 3|2 Blitz"]
[Site "Chess.com"]
[Date "2015.11.03"]
[Round "4"]
[White "Canonkasparov"]
[Black "Dlugy"]
[Result "0-1"]
[WhiteElo "2365"]
[BlackElo "2563"]
[TimeControl "180+2"]
[EndTime "11:50:09 PST"]
[Termination "Dlugy won by resignation"]

1. d4 Nf6 2. Nf3 g6 3. c3 Bg7 4. Bg5 O-O 5. Nbd2 d6 6. e3 Qe8 7. Bc4 e5 8. O-O Nc6 9. a4 h6 10. Bh4 e4 11. Ne1 d5 12. Be2 Ne7 13. Bg3 c6 14. c4 Nf5 15. cxd5 Nxg3 16. hxg3 Nxd5 17. Nb1 Be6 18. Nc3 f5 19. Nc2 Qf7 20. Nxd5 Bxd5 21. Nb4 Bb3 22. Qd2 a5 23. Nc2 g5 24. Na3 f4 25.
gxf4 gxf4 26. exf4 Qxf4 27. Qe3 Bd5 28. Bc4 Rad8 29.
Rad1 Rf5 30. Bxd5+ Rdxd5 31. Nc2 Qh4 32. Qg3 Qxg3 33.
fxg3 Rxf1+ 34. Kxf1 c5 35. Ne3 Rxd4 36. Rc1 Rxa4 37.
Rxc5 Bxb2 38. Rb5 Rb4 39. Rxa5 Bc1 40. Nd5 Rb1 41. Ke2 Rb2+ 42. Kd1 Bg5 43. Nf4 b5 44. Ra7 b4 45. Rb7 e3 46. Ke1 b3 47. Nd3 Rxg2 48. Rxb3 Rxg3 49. Ke2 h5 50. Ne1 h4 51. Rb1 h3 52. Nf3 Bf4 53. Rh1 Kg7 54. Ng1 Rg2+ 55.
Kf3 Rf2+ 56. Kg4 h2 57. Nf3 e2 58. Kxf4 Rf1 59. Rxh2 e1=Q 60. Rg2+ Kf6 61. Rg3 Qe5+ 62. Kg4 Qe4+ 0-1

[Event "*** Titled Tuesday 3|2 Blitz"]
[Site "Chess.com"]
[Date "2015.11.03"]
[Round "4"]
[White "pedromartinez91"]
[Black "Blitzstream"]
[Result "0-1"]
[WhiteElo "2182"]
[BlackElo "2403"]
[TimeControl "180+2"]
[EndTime "11:50:09 PST"]
[Termination "Blitzstream won on time"]

1. e4 d5 2. exd5 Qxd5 3. Nc3 Qa5 4. d4 Nf6 5. Bd3 Nc6 6. Ne2 Bf5 7. O-O e6 8. Bb5 a6 9. Ba4 b5 10. Bb3 O-O-O 11. Be3 Bc5 12. a3 Ng4 13. h3 Nxe3 14. fxe3 Ba7 15. Qe1 Bg6 16. Qg3 Rhe8 17. Rad1 Qb6 18.
Kh1 Ne7 19. Qf3 Qb7 20. Qf2 Nf5 21. Ng3 Nd6 22. Qf4 f6 23. Qg4 Kb8 24. Bxe6 Bxc2 25. Rd2 Bg6 26. Bd5 Qc8 27. Qf3 Re7 28. Na2 a5 29. a4 b4 30. Nc1 Rde8 31. Re1 Ne4 32. Nxe4 Bxe4 33. Bxe4 Rxe4 34. Nb3 Bb6 35. Rd3 Qa6 36. Red1 Qc4 37. Nc5 Bxc5 38. dxc5 Kc8 39. Qf5+ Qe6 40. Qxh7 Re7 41. c6 Qxc6 42. Rd8+ Kb7 43.
Qg8 Re8 44. Rxe8 Rxe8 45. Qxg7 Rxe3 46. Qg4 Qxa4 47. Rd8 Qa1+ 48. Kh2 Qxb2 49. Qc8+ Kc6 50. Qa8+ Kb5 51. Rb8+ Ka4 52. Qc6+ Kb3 53. Qd5+ Kc2 54.
Qc6+ Qc3 55. Qa4+ b3 0-1

[Event "*** Titled Tuesday 3|2 Blitz"]
[Site "Chess.com"]
[Date "2015.11.03"]
[Round "4"]
[White "GGuseinov"]
[Black "Iball95"]
[Result "1-0"]
[WhiteElo "2554"]
[BlackElo "2357"]
[TimeControl "180+2"]
[EndTime "11:50:14 PST"]
[Termination "GGuseinov won by resignation"]

1. e4 c5 2. Nf3 Nc6 3. Nc3 g6 4. d4 cxd4 5. Nxd4 Bg7 6. Be3 Nf6 7. Bc4 O-O 8. Bb3 a5 9. O-O Nxd4 10. Bxd4 d6 11.
a4 Bd7 12. Re1 Bc6 13. Nd5 Bxd5 14. exd5 Nd7 15. Bxg7 Kxg7 16. Bc4 Rc8 17. Bb5 Nc5 18.
Re3 e5 19. dxe6 Nxe6 20. Qd2 d5 21. Rd1 d4 22. Rh3 h5 23. b3 Qg5 24. Bc4 Qxd2 25. Rxd2 Rfe8 26. Kf1 Ng5 27. Rhd3 Ne4 28. Re2 Rcd8 29. f3 Nf6 30. Rxe8 Nxe8 31. Ke1 Rd6 32. Kd1 Kf6 33. Bb5 Nc7 34. c3 Ne6 35. Kc2 Ke5 36. Bc4 dxc3 37. Rxd6 Kxd6 38. Kxc3 Kc5 39. g3 b6 40. f4 Nd8 41. h3 Ne6 42. Bxe6 fxe6 43. b4+ Kd5 44. bxa5 bxa5 45. Kd3 Kc5 46. Kc3 Kd5 47.
Kd3 Kc5 48. Ke4 Kd6 49. Kd4 Kd7 50. Kc5 Ke7 51. Kb5 g5 52. fxg5 e5 53. Kc4 Ke6 54. Kd3 Kf5 55. h4 Ke6 56. Ke4 Kd6 57. g6 Ke6 58. g7 Kf7 59. Kxe5 Kxg7 60. Kf5 Kh6 61. Kf6 Kh7 62. Kg5 Kg7 63. Kxh5 Kh7 64. Kg5 Kg8 65. Kg6 Kh8 66. g4 1-0

[Event "*** Titled Tuesday 3|2 Blitz"]
[Site "Chess.com"]
[Date "2015.11.03"]
[Round "4"]
[White "Fandorine"]
[Black "joppie2"]
[Result "1-0"]
[WhiteElo "2531"]
[BlackElo "2337"]
[TimeControl "180+2"]
[EndTime "11:50:35 PST"]
[Termination "Fandorine won by resignation"]

1. e4 e5 2. Nf3 Nc6 3. Nc3 Nf6 4. g3 Bc5 5. Bg2 d6 6. d3 Be6 7. h3 Qd7 8. Ng5 a6 9. O-O O-O-O 10. a3 h6 11.
Nxe6 Qxe6 12. Nd5 g5 13. b4 Ba7 14. a4 Ne7 15. Nxf6 Qxf6 16. c4 Bd4 17. Ra2 h5 18. a5 h4 19. Kh1 Kb8 20. b5 g4 21.
Qxg4 Rdg8 22. Qd7 Rd8 23. Qg4 Rdg8 24. Qd1 hxg3 25. fxg3 Qe6 26. Kh2 f5 27. exf5 Nxf5 28. Qf3 e4 29. Qxf5 Qxf5 30. Rxf5 exd3 31. bxa6 Re8 32.
Rd5 Re2 33. Rxe2 dxe2 34. Bd2 Bf2 35. Rb5 Ka7 36. Rxb7+ Kxa6 37. Rb1 Rf8 38. Be1 Bd4 39. Bb7+ Ka7 40. Kg2 Rf1 41. Bf3 Rg1+ 42. Kh2 c5 43. Bxe2 Bf2 44. Bxf2 Rxb1 45. Bf3 Ra1 46. Kg2 Rxa5 47.
Bd5 Kb6 48. h4 Kc7 49. h5 Ra7 50. h6 Kd8 51. g4 Ke8 52. g5 Kf8 53. g6 Re7 54.
Bg3 Re2+ 55. Kf3 Rd2 56. Bxd6+ Ke8 57. g7 Rd3+ 58. Ke4 Rd4+ 59. Kf5 Kd7 60. Bxc5 Rh4 61.
g8=Q Rh5+ 62. Kg4 Re5 63. Qf7+ 1-0

[Event "*** Titled Tuesday 3|2 Blitz"]
[Site "Chess.com"]
[Date "2015.11.03"]
[Round "4"]
[White "sorito"]
[Black "1random"]
[Result "1-0"]
[WhiteElo "2086"]
[BlackElo "1913"]
[TimeControl "180+2"]
[EndTime "11:50:39 PST"]
[Termination "sorito won by checkmate"]

1. d4 Nf6 2. Nf3 d5 3. c4 e6 4. g3 Be7 5. Bg2 O-O 6. O-O dxc4 7. Qc2 a6 8. Qxc4 b5 9. Qc2 Bb7 10. Bd2 Be4 11. Qc1 Bb7 12. Ba5 Nc6 13. Be1 Nxd4 14. Nxd4 Bxg2 15. Kxg2 Qxd4 16. Qxc7 Bd6 17.
Qc3 Qe4+ 18. Qf3 Qxf3+ 19. Kxf3 Rac8 20. Nc3 b4 21. Na4 Rc2 22. Rd1 Be7 23. Bd2 Nd5 24. e4 Nf6 25. Be3 Rfc8 26. Rd3 h5 27. h3 R8c4 28.
Rd4 Rxd4 29. Bxd4 Nd7 30. Rd1 Bf6 31. Bxf6 Nxf6 32. Rd4 a5 33. Rd8+ Kh7 34. Ra8 Rc4 35. Rxa5 Rxe4 36. Rxh5+ Kg6 37. Rb5 Rc4 38. Nb6 Rd4 39. g4 Nd5 40. Nxd5 exd5 41. Ke3 Re4+ 42. Kd3 Rf4 43. Ke3 Re4+ 44. Kf3 Rd4 45. h4 Kf6 46.
Rb6+ Ke5 47. g5 Rxh4 48. Rb7 Ke6 49. Ke3 Re4+ 50. Kf3 Rc4 51. Kg3 d4 52. Kf4 d3+ 53. Ke3 Rd4 54. Kd2 f6 55. g6 f5 56. Rxg7 Kf6 57.
Rg8 Rd7 58. f4 Rd4 59. g7 Kf7 60. Rf8+ Kxg7 61. Rxf5 Kg6 62. Rf8 Rd6 63. Rb8 Ra6 64.
Rxb4 Rxa2 65. Kxd3 Kf5 66. Ke3 Ra1 67. Rb5+ Kf6 68. b4 Re1+ 69. Kf2 Rb1 70. Kf3 Rf1+ 71. Ke3 Re1+ 72. Kf2 Rb1 73. Kg2 Ke6 74. f5+ Kf6 75. Kf3 Rf1+ 76. Ke4 Re1+ 77. Kd4 Rd1+ 78. Kc4 Rc1+ 79.
Kb3 Rb1+ 80. Kc2 Rh1 81. Rc5 Rh2+ 82. Kb3 Rh3+ 83. Ka4 Rh7 84. b5 Rd7 85. b6 Rd1 86. Kb5 Rb1+ 87. Kc6 Rb2 88. b7 Rb1 89. Kc7 Rh1 90. b8=Q Rh7+ 91. Kd6 Rh6 92. Qf8+ Kg5+ 93. Qxh6+ Kxh6 94. Ke7 Kg7 95. f6+ Kg8 96. Rg5+ Kh7 97. Rg1 Kh6 98. f7 Kh7 99. Rg2 Kh6 100. f8=Q+ Kh5 101. Qh8# 1-0

[Event "*** Titled Tuesday 3|2 Blitz"]
[Site "Chess.com"]
[Date "2015.11.03"]
[Round "4"]
[White "AlexanderL"]
[Black "Chopper1905"]
[Result "1/2-1/2"]
[WhiteElo "2549"]
[BlackElo "2544"]
[TimeControl "180+2"]
[EndTime "11:51:02 PST"]
[Termination "Game drawn by agreement"]

1. d4 Nf6 2. c4 e6 3. Nc3 c5 4. d5 exd5 5. cxd5 d6 6. Nf3 g6 7. Bf4 a6 8. a4 Bg7 9. h3 O-O 10. e3 Re8 11. Bd3 Nbd7 12. O-O Qc7 13. Qb3 b6 14. Rfe1 Bb7 15. e4 Nh5 16. Bh2 Ne5 17. Be2 Nxf3+ 18. Bxf3 Nf6 19. e5 dxe5 20. d6 Qd7 21.
Bxb7 Qxb7 22. Bxe5 Qc6 23. Rad1 c4 24. Qb4 Rad8 25.
Re3 Nd7 26. Bxg7 Rxe3 27. fxe3 Kxg7 28. Nd5 Nc5 29. Qc3+ Kh6 30. Ne7 Qe4 31. Rd4 Qb1+ 32. Kh2 Ne4 33. Qxc4 Nxd6 34. Rxd6 Rxd6 35. Qf4+ Kg7 36.
Qxd6 Qxb2 37. Nd5 b5 38. axb5 axb5 39. Qb4 Qe5+ 40. Nf4 g5 41. h4 gxf4 42. exf4 Qd5 43.
Qc3+ f6 44. Qc7+ Kg6 45. g4 Qd2+ 46. Kg3 Qe3+ 47. Kg2 Qe2+ 48. Kg3 Qe1+ 49. Kh3 Qf1+ 50. Kg3 Qg1+ 51. Kh3 Qe3+ 52. Kg2 b4 53. f5+ Kh6 54. Qf7 Qe2+ 55. Kg3 Qe5+ 56. Kg2 Qe4+ 57. Kg3 Qd3+ 58. Kg2 Qd2+ 59. Kg3 Qd6+ 60. Kg2 Qc6+ 61. Kg3 Qd6+ 1/2-1/2

[Event "*** Titled Tuesday 3|2 Blitz"]
[Site "Chess.com"]
[Date "2015.11.03"]
[Round "4"]
[White "Mugzyyy"]
[Black "vellottiwizard"]
[Result "1/2-1/2"]
[WhiteElo "2463"]
[BlackElo "2363"]
[TimeControl "180+2"]
[EndTime "11:51:18 PST"]
[Termination "Game drawn - insufficient material"]

1. d4 Nf6 2. c4 e6 3. Nc3 Bb4 4. Nf3 b6 5. Qb3 c5 6. Bg5 Bb7 7. e3 O-O 8. Be2 Bxc3+ 9. Qxc3 Ne4 10. Bxd8 Nxc3 11. Be7 Re8 12. Bxc5 Nxe2 13. Bd6 Bxf3 14. gxf3 Nxd4 15. exd4 Nc6 16. O-O-O Rac8 17. b3 Ne7 18.
Bxe7 Rxe7 19. d5 e5 20. Kb2 d6 21. Ka3 f5 22. Kb4 Kf7 23. Ra1 Rc5 24. Rhb1 g5 25. a4 a5+ 26. Kc3 Rec7 27. Kd3 Kf6 28. Rb2 h5 29.
Rc1 Rxd5+ 30. Ke2 Rd4 31. Rg1 d5 32. cxd5 Rxd5 33. b4 axb4 34. Rxb4 Rc2+ 35. Kf1 Rd6 36. Kg2 g4 37. Rgb1 Kg5 38. Rxb6 Rdd2 39. Rf1 Ra2 40.
Rb5 gxf3+ 41. Kxf3 e4+ 42. Kg3 h4+ 43. Kg2 Rxa4 44.
Rb3 Raa2 45. h3 Re2 46. Kg1 Red2 47. Rc3 Kf4 48. Rc8 Rd3 49. Kg2 e3 50. Re8 Rxf2+ 51. Rxf2+ exf2 52. Rh8 Rf3 53. Kf1 Kg3 54. Rg8+ Kxh3 55.
Rg5 f4 56. Rg8 Kh2 57. Rg4 Kh3 58. Rg8 Rg3 59. Rf8 Kg4 60. Kxf2 Rf3+ 61. Kg1 Ra3 62.
Rb8 Ra1+ 63. Kh2 Ra2+ 64. Kg1 Kg3 65. Rg8+ Kf3 66. Rb8 Kg3 67. Rg8+ Kf3 68. Rb8 Ra3 69. Kh2 h3 70. Kxh3 Ke2+ 71. Kh2 Ra2 72. Kg1 Ra1+ 73.
Kh2 Ra2 74. Kg1 Ra1+ 75. Kh2 Ra3 76. Kg1 Rg3+ 77. Kh2 Rc3 78. Kg1 Rc1+ 79. Kh2 f3 80.
Rb2+ Ke3 81. Rb3+ Kf2 82. Rb2+ Ke3 83. Rb3+ Ke4 84. Rb4+ Kd3 85. Rb3+ Ke2 86. Rb2+ Ke3 87. Rb3+ Kf2 88. Rb2+ Kf1 89. Kg3 Rc3 90. Rf2+ Kg1 91.
Rxf3 Rxf3+ 92. Kxf3 1/2-1/2

[Event "*** Titled Tuesday 3|2 Blitz"]
[Site "Chess.com"]
[Date "2015.11.03"]
[Round "4"]
[White "Aygehovit1992"]
[Black "pKiLz5Rn9b"]
[Result "1/2-1/2"]
[WhiteElo "2483"]
[BlackElo "2452"]
[TimeControl "180+2"]
[EndTime "11:51:27 PST"]
[Termination "Game drawn - insufficient material"]

1. e4 e6 2. d4 d5 3. Nc3 Nf6 4. Bg5 Be7 5. e5 Nfd7 6. h4 h6 7. Bxe7 Qxe7 8. Nf3 a6 9. Qd2 c5 10. dxc5 Nc6 11. O-O-O Qxc5 12. Qf4 Qxf2 13. Rd2 Qc5 14. Bd3 b5 15. Rf1 Bb7 16. Ne2 Rf8 17. Ned4 Nxd4 18.
Nxd4 Rc8 19. Be2 Kd8 20. Rf3 Qc7 21. Re3 Qa5 22. a3 Kc7 23. Rc3+ Kb8 24. Rxc8+ Kxc8 25. Qg3 Qc7 26. Qxg7 Qxe5 27. Qxh6 Qg3 28. Bf3 Kb8 29. h5 Rc8 30. Qe3 Qe5 31. Qxe5+ Nxe5 32. Bd1 Rg8 33. Rf2 Kc7 34. g4 Kd6 35. Rg2 f6 36. h6 Nf7 37.
h7 Rh8 38. Rf2 Ke7 39. Re2 Ne5 40.
Rh2 Kf7 41. c3 Bc8 42. Rh4 Kg7 43. Bc2 Nf7 44. Nc6 Re8 45. b4 Bd7 46. Nd4 Rh8 47. Kd2 Ng5 48. Rh2 Nxh7 49. Nb3 Ng5 50. Rxh8 Kxh8 51.
Nc5 Bc8 52. a4 bxa4 53. Bxa4 e5 54. Bc6 Bxg4 55. Bxd5 Bc8 56. Bc4 f5 57. Bxa6 Bxa6 58. Nxa6 Ne6 59. b5 Kg7 60. b6 Nd8 61. Nc5 Nc6 62.
b7 Nb8 63. Nd3 Kf6 64. Nb4 Ke6 65. c4 Kd6 66. Nd3 e4 67. Nb4 f4 68. Nd5 Ke5 69.
Ke2 Kf5 70. c5 Ke5 71. Nb4 f3+ 72. Ke3 Ke6 73. c6 Kd6 74. Kf2 Kc7 75. Ke3 Nxc6 76. Nxc6 Kxb7 77. Ne5 Kc7 78. Nxf3 Kd6 79. Kxe4 1/2-1/2

[Event "*** Titled Tuesday 3|2 Blitz"]
[Site "Chess.com"]
[Date "2015.11.03"]
[Round "5"]
[White "NMJeevanK"]
[Black "Moltini"]
[Result "1-0"]
[WhiteElo "2228"]
[BlackElo "2184"]
[TimeControl "180+2"]
[EndTime "11:54:55 PST"]
[Termination "NMJeevanK won by resignation"]

1. e4 c5 2. Nf3 d6 3. c3 Nf6 4. Bd3 g6 5. Bc2 Bg7 6. O-O O-O 7. d4 cxd4 8. cxd4 Bg4 9. h3 Bxf3 10. Qxf3 Nc6 11. Rd1 Rc8 12. Nc3 Qb6 13. Qe3 e6 14.
a3 Nd7 15. d5 exd5 16. Nxd5 Qxe3 17. Bxe3 Nc5 18. b4 Ne6 19. b5 Bxa1 20. bxc6 Rxc6 21.
Ne7+ Kg7 22. Nxc6 bxc6 23. Rxa1 d5 24. exd5 cxd5 25. Bxa7 Rc8 26. Bb3 Nf4 27. Be3 Ne2+ 28.
Kf1 Nc3 29. Bd4+ f6 30. Bxc3 Rxc3 31. Bxd5 1-0

[Event "*** Titled Tuesday 3|2 Blitz"]
[Site "Chess.com"]
[Date "2015.11.03"]
[Round "5"]
[White "AnastasiaProtopopova"]
[Black "ZEN-22"]
[Result "0-1"]
[WhiteElo "1789"]
[BlackElo "2157"]
[TimeControl "180+2"]
[EndTime "11:55:11 PST"]
[Termination "ZEN-22 won by resignation"]

1. Nf3 e6 2. c4 b6 3. g3 Bb7 4. Bg2 Nf6 5. O-O h5 6. h4 Be7 7. Nc3 Ng4 8. e4 c5 9. d4 cxd4 10. Nxd4 Nc6 11. Ndb5 d6 12. Bf4 Nce5 13. b3 a6 14. Nd4 g5 15. Bxg5 Bxg5 16. hxg5 Qxg5 17. f4 Qe7 18. fxe5 dxe5 19. Nc2 Qc5+ 20. Kh1 Rd8 21. Qe2 h4 22. Qxg4 hxg3+ 23. Bh3 Rd2 24. Ne2 Rxh3+ 25.
Qxh3 Bxe4+ 26. Qg2 Bxg2+ 27. Kxg2 Rxe2+ 28. Kxg3 Rxc2 0-1

[Event "*** Titled Tuesday 3|2 Blitz"]
[Site "Chess.com"]
[Date "2015.11.03"]
[Round "5"]
[White "Baggio95"]
[Black "BIG_Pirate"]
[Result "1-0"]
[WhiteElo "2394"]
[BlackElo "2266"]
[TimeControl "180+2"]
[EndTime "11:56:10 PST"]
[Termination "Baggio95 won by resignation"]

1. e4 d5 2. exd5 Qxd5 3. Nc3 Qa5 4. d4 Nf6 5. Nf3 Bg4 6. h3 Bh5 7. g4 Bg6 8. b4 Qxb4 9. Bd2 Qd6 10. Rb1 b6 11. Bg2 c6 12. O-O e6 13. Ne5 Be7 14. Bf4 Qd8 15. Nxc6 Nxc6 16. Bxc6+ Kf8 17. Bxa8 Qxa8 18.
f3 h5 19. g5 Nd5 20. Nxd5 Qxd5 21. Qd2 h4 22. c4 Qf5 23. Kh2 Kg8 24. Rb5 Qd3 25.
Qxd3 Bxd3 26. Rc1 Kh7 27. Rb3 Be2 28. Re3 1-0

[Event "*** Titled Tuesday 3|2 Blitz"]
[Site "Chess.com"]
[Date "2015.11.03"]
[Round "5"]
[White "ruifeng"]
[Black "jcgs1030"]
[Result "1-0"]
[WhiteElo "2157"]
[BlackElo "2101"]
[TimeControl "180+2"]
[EndTime "11:56:14 PST"]
[Termination "ruifeng won by resignation"]

1. e4 c5 2. Nf3 d6 3. d4 cxd4 4. Nxd4 Nf6 5. Nc3 g6 6. Be3 Bg7 7. Be2 O-O 8. Qd2 Nc6 9. O-O-O Ng4 10. Bxg4 Bxg4 11. f3 Be6 12. Kb1 Nxd4 13. Bxd4 Qc7 14. Bxg7 Kxg7 15. g4 Rfc8 16. h4 h6 17. Rhg1 Qa5 18.
a3 Rxc3 19. Qxc3+ Qxc3 20. bxc3 Rc8 21. Kb2 Rc5 22. Rd4 Kf6 23. f4 a5 24. g5+ Kg7 25.
Rg3 Rb5+ 26. Kc1 Ba2 27. Kd2 Rb1 28. e5 d5 29. f5 gxf5 30. gxh6+ Kxh6 31. Rg5 e6 32. Rd3 Rh1 33. Rdg3 Rh2+ 34. Kc1 Rxh4 35. Rg8 Rg4 36.
Rh3+ 1-0

[Event "*** Titled Tuesday 3|2 Blitz"]
[Site "Chess.com"]
[Date "2015.11.03"]
[Round "5"]
[White "spectralsoul"]
[Black "sorito"]
[Result "1-0"]
[WhiteElo "2478"]
[BlackElo "2082"]
[TimeControl "180+2"]
[EndTime "11:56:30 PST"]
[Termination "spectralsoul won by resignation"]

1. e4 d6 2. d4 Nf6 3. Nc3 c6 4.
f4 Qa5 5. Bd2 e5 6. Nf3 Bg4 7.
dxe5 dxe5 8. fxe5 Bxf3 9. Qxf3 Qxe5 10. O-O-O Bb4 11. Bf4 Qa5 12. e5 Bxc3 13. exf6 Bxf6 14. Qe4+ Be7 15. Re1 Qd8 16. Bc4 Nd7 17. Bd6 1-0

[Event "*** Titled Tuesday 3|2 Blitz"]
[Site "Chess.com"]
[Date "2015.11.03"]
[Round "5"]
[White "kikydu96"]
[Black "gmjlh"]
[Result "0-1"]
[WhiteElo "2257"]
[BlackElo "2619"]
[TimeControl "180+2"]
[EndTime "11:57:15 PST"]
[Termination "gmjlh won by resignation"]

1. b3 e5 2. Bb2 Nc6 3. e3 Nge7 4.
Bb5 a6 5. Be2 d5 6. Nf3 Ng6 7. d4 e4 8. Ne5 Ncxe5 9. dxe5 Be6 10. O-O Be7 11. Nd2 O-O 12. c4 c6 13. cxd5 cxd5 14. Rc1 Qb8 15. f4 exf3 16. Nxf3 Rc8 17. Qd4 Rxc1 18. Rxc1 Qd8 19. Qd2 Rc8 20. Nd4 Rxc1+ 21.
Qxc1 Bd7 22. Bf3 Nxe5 23. Bxd5 Nd3 24. Bxf7+ Kh8 25. Qd2 Nxb2 26. Qxb2 Bg5 27. Qe2 Qe7 28. Bh5 Qxe3+ 29. Kh1 Qxd4 30. h3 Bf4 0-1

[Event "*** Titled Tuesday 3|2 Blitz"]
[Site "Chess.com"]
[Date "2015.11.03"]
[Round "5"]
[White "Canonkasparov"]
[Black "BjarkeSahl"]
[Result "1-0"]
[WhiteElo "2369"]
[BlackElo "2154"]
[TimeControl "180+2"]
[EndTime "11:57:51 PST"]
[Termination "Canonkasparov won on time"]

1. d4 f5 2. Nf3 Nf6 3. Bg5 Ne4 4. Bf4 e6 5. g3 Be7 6. Bg2 O-O 7. O-O h6 8. c4 d6 9. Nc3 Nxc3 10. bxc3 Nd7 11.
Qb3 Kh8 12. Rfe1 Bf6 13. e4 e5 14. Bd2 fxe4 15. Rxe4 c5 16. Rae1 cxd4 17. cxd4 exd4 18.
Rxd4 Bxd4 19. Nxd4 Ne5 20. Nb5 Bg4 21. f4 Nd7 22.
Bb4 Qb6+ 23. Kh1 Rae8 24. Rg1 Nc5 25. Qa3 a6 26. Nxd6 1-0

[Event "*** Titled Tuesday 3|2 Blitz"]
[Site "Chess.com"]
[Date "2015.11.03"]
[Round "5"]
[White "metalbattler"]
[Black "Badouuu"]
[Result "1-0"]
[WhiteElo "1964"]
[BlackElo "1924"]
[TimeControl "180+2"]
[EndTime "11:57:53 PST"]
[Termination "metalbattler won by checkmate"]

1. e4 c5 2. Nc3 Nc6 3. Bb5 Nd4 4. Nf3 Nxb5 5. Nxb5 a6 6. Nc3 d6 7. d4 cxd4 8. Qxd4 g6 9. Qxh8 Nf6 10. Bh6 Nd7 11. Qxh7 Bxh6 12. Qxh6 Qb6 13. O-O Nf6 14. Nd5 Nxd5 15. exd5 Qxb2 16. Rab1 Qxa2 17. Qh8+ Kd7 18. Rfe1 Qxd5 19. Qf8 e5 20. Rbd1 Qa2 21. Qxd6+ Ke8 22. Rxe5+ Be6 23. Ng5 Rc8 24. Nxe6 fxe6 25. Rxe6+ Kf7 26.
Re7+ Kg8 27. Qd8+ Rxd8 28. Rxd8# 1-0

[Event "*** Titled Tuesday 3|2 Blitz"]
[Site "Chess.com"]
[Date "2015.11.03"]
[Round "5"]
[White "Malev212"]
[Black "Danirod"]
[Result "1-0"]
[WhiteElo "2222"]
[BlackElo "2407"]
[TimeControl "180+2"]
[EndTime "11:58:38 PST"]
[Termination "Malev212 won by resignation"]

1. e4 c5 2. Nf3 g6 3. c3 Bg7 4. d4 cxd4 5. cxd4 d5 6. e5 a6 7. h3 Nc6 8. Nc3 f6 9. exf6 Nxf6 10. Bd3 O-O 11. O-O Nh5 12. Be3 Nf4 13. Bc2 Qd6 14.
Bxf4 Rxf4 15. Nxd5 Rxf3 16. Nb6 Rxh3 17. gxh3 Bxh3 18. Nxa8 Qf4 19. Qd3 Bxd4 20. Qxh3 Ne5 21. Rad1 Nf3+ 22. Kh1 e5 23. Bb3+ Kg7 24. Bd5 Ng5 25. Qg3 Qf6 26. f4 Qd6 27. Bg2 1-0

[Event "*** Titled Tuesday 3|2 Blitz"]
[Site "Chess.com"]
[Date "2015.11.03"]
[Round "5"]
[White "FairChess_on_YouTube"]
[Black "GGuseinov"]
[Result "1-0"]
[WhiteElo "2706"]
[BlackElo "2541"]
[TimeControl "180+2"]
[EndTime "11:58:40 PST"]
[Termination "FairChess_on_YouTube won by resignation"]

1. Nf3 g6 2. e4 c5 3. c3 Bg7 4. d4 cxd4 5. cxd4 d5 6. e5 Nh6 7. h3 O-O 8. Nc3 Nc6 9. Bb5 Bf5 10.
O-O Be4 11. Bxc6 bxc6 12. Nd2 Bd3 13. Re1 Nf5 14. Nb3 Bc4 15. Nc5 Qa5 16. a3 Rfb8 17.
Rb1 e6 18. g4 Ne7 19. Bg5 Qc7 20.
b3 Qa5 21. Qc2 Nc8 22. bxc4 Nb6 23. cxd5 exd5 24. Qb3 Nd7 25. Nxd7 Rxb3 26. Rxb3 h5 27. Reb1 Qc7 28. Rb7 Qa5 29. Rb8+ Kh7 30. Rxa8 Qxc3 31. Nf6+ Bxf6 32. Bxf6 g5 33. gxh5 1-0